 Dungeon Crawl Stone Soup version 0.27.1-2-g3b301248ec (webtiles) character file.

Game seed: 3301157386418819189

486 Rickety the Stinger (level 7, 0/50 HPs)
             Began as a Gnoll Venom Mage on Sept 26, 2021.
             Slain by an orc (1 damage)
             ... on level 3 of the Dungeon.
             The game lasted 00:11:34 (4235 turns).

Rickety the Stinger (Gnoll Venom Mage)              Turns: 4235, Time: 00:11:36

Health: 0/50       AC:  2    Str:  7    XL:     7   Next: 13%
Magic:  11/15      EV: 13    Int: 17    God:
Gold:   90         SH:  0    Dex: 12    Spells: 11/17 levels left

rFire    . . .     SeeInvis .   f - +1 short sword (drain)
rCold    . . .     Faith    .   (no shield)
rNeg     . . .     Spirit   .   a - +0 robe
rPois    .         Reflect  .   (no helmet)
rElec    .         Harm     .   (no cloak)
rCorr    .         Rampage  .   (no gloves)
Will     .....                  (no boots)
Stlth    +++.......             (no amulet)
HPRegen  0.16/turn              l - ring of flight
MPRegen  0.14/turn              (no ring)

@: flying
A: fangs 1, strong nose, distributed training
a: no special abilities


You were on level 3 of the Dungeon.
You visited 1 branch of the dungeon, and saw 3 of its levels.

You collected 90 gold pieces.

Inventory:

Hand Weapons
 c - a +0 dagger
 f - a +1 short sword of draining (weapon)
 q - a +1 whip of freezing
Missiles
 j - 5 datura-tipped darts
Armour
 a - a +0 robe (worn)
Jewellery
 l - a ring of flight (left hand)
Scrolls
 g - a scroll of brand weapon {unknown}
 h - a scroll of teleportation {unknown}
 i - a scroll of immolation {unknown}
 k - 3 scrolls of identify {unknown}
 m - a scroll of fog {unknown}
 n - a scroll of enchant weapon {unknown}
 o - a scroll of magic mapping {unknown}
 p - a scroll of noise {unknown}
Potions
 b - a potion of lignification {unknown}
 d - a potion of curing {unknown}
 e - 2 potions of attraction {unknown}


   Skills:
 + Level 2.3 Fighting
 + Level 2.3 Short Blades
 + Level 2.3 Long Blades
 + Level 2.3 Axes
 + Level 2.3 Maces & Flails
 + Level 2.3 Polearms
 + Level 2.3 Staves
 + Level 2.3 Slings
 + Level 2.3 Bows
 + Level 2.3 Crossbows
 + Level 2.3 Throwing
 + Level 2.3 Armour
 + Level 5.1 Dodging
 + Level 4.8 Stealth
 + Level 2.3 Shields
 + Level 2.3 Unarmed Combat
 + Level 5.5 Spellcasting
 + Level 1.8 Conjurations
 + Level 1.8 Hexes
 + Level 1.8 Summonings
 + Level 1.8 Necromancy
 + Level 1.8 Translocations
 + Level 2.8 Transmutations
 + Level 1.8 Fire Magic
 + Level 1.8 Ice Magic
 + Level 1.8 Air Magic
 + Level 1.8 Earth Magic
 + Level 5.8 Poison Magic
 + Level 2.5 Invocations
 + Level 2.3 Evocations


You had 11 spell levels left.
You knew the following spells:

 Your Spells              Type           Power      Damage    Failure   Level
a - Sting                 Tmut/Pois      76%        1d6       2%          1
m - Mephitic Cloud        Conj/Pois/Air  15%        N/A       11%         3
v - Poisonous Vapours     Pois/Air       34%        N/A       4%          2

Your spell library contained the following spells:

 Spells                   Type           Power      Damage    Failure   Level
 Olgreb's Toxic Radiance  Pois           24%        N/A       12%         4
 Frozen Ramparts          Ice            22%        1d4       19%         3
 Ice Form                 Ice/Tmut       12%        N/A       45%         4
 Summon Ice Beast         Ice/Summ       11%        N/A       52%         4


Dungeon Overview and Level Annotations

Branches:
Dungeon (3/15)

Altars:


Innate Abilities, Weirdness & Mutations

You have very sharp teeth.
Your uncanny sense of smell can sniff out nearby items.
Your experience applies equally to all skills.


Message History

The orc shouts!
You struggle against the net.
The gnoll hits you from afar with a +0 spear!
You struggle against the net.
The gnoll hits you from afar with a +0 spear.
You struggle against the net.
The gnoll barely misses you. The orc hits you with a +0 hand axe.
You rip the net and break free!
The gnoll throws a throwing net.
The throwing net hits you.
You become entangled in the net!
The orc hits you with a +0 hand axe.
You struggle against the net.
The gnoll hits you from afar with a +0 spear.
The orc hits you with a +0 hand axe.
You struggle against the net.
The gnoll hits you from afar with a +0 spear!
* * * LOW HITPOINT WARNING * * *
The orc hits you with a +0 hand axe.
* * * LOW HITPOINT WARNING * * *
You struggle against the net.
The jackal barks!
You hear a shout! x3
The gnoll hits you from afar with a +0 spear.
* * * LOW HITPOINT WARNING * * *
The orc hits you with a +0 hand axe.
* * * LOW HITPOINT WARNING * * *
You rip the net and break free!
The gnoll closely misses you. The orc barely misses you.
Casting: Sting (safe; 2% risk of failure)
Confirm with . or Enter, or press ? or * to list all spells.
Aiming: Mephitic Cloud (dangerous; 11% risk of failure)
Press: ? - help, Shift-Dir - straight line, f - gnoll
Aim: a gnoll, wielding a +0 spear and wearing a +0 ring mail (chance to affect: 91%)
The ball explodes into a vile cloud!
The stinking cloud engulfs the gnoll but does no damage.
The stinking cloud engulfs the jackal but does no damage.
The jackal is engulfed in noxious fumes.
The jackal appears confused.
The jackal bites the gnoll but does no damage.
The gnoll is engulfed in noxious fumes.
The gnoll appears confused.
The orc hits you with a +0 hand axe.
You die...

#....# ##'#. ∆#....# ...#.
#..g.#∆ ..#. # #....# #'##
#############''''#############...
#......)...)....h............#...
#≈≈≈≈≈≈)≈≈≈≈≈..g☼≈≈≈≈≈≈≈≈≈≈≈≈####
≈≈≈≈≈≈≈≈≈≈≈≈≈..(§≈≈≈≈≈≈≈≈≈≈)≈≈≈≈≈
≈≈≈≈≈≈≈≈≈≈≈≈≈..o@≈≈≈≈≈≈≈≈≈)≈≈≈≈≈)
.........................).......
##########..>....................
#............#############
########.#.#..#####.#
...#...).#.#........# ######
.#.#.#####.##.#########....######
...........##.........'..........
##.#.##################.....#####


You could see 2 gnolls, an orc and a jackal (confused).

Vanquished Creatures
  An ogre (D:3)
  A scorpion (D:3)
  A water moccasin skeleton (D:2)
  A howler monkey (D:3)
  3 hounds (D:3)
  6 gnolls (D:3)
  2 adders
  A worm (D:3)
  9 orcs (D:3)
  6 ball pythons
  4 bats
  3 endoplasms
  3 giant cockroaches
  4 goblins
  6 hobgoblins (D:1)
  13 jackals
  3 kobolds (D:1)
  3 quokkas
  7 frilled lizards
  6 rats
83 creatures vanquished.

Vanquished Creatures (others)
  A plant (D:3)
1 creature vanquished.

Grand Total: 84 creatures vanquished

Notes
Turn   | Place    | Note
-------+----------+-------------------------------------------
     0 | D:1      | Rickety the Gnoll Venom Mage began the quest for the Orb.
     0 | D:1      | Reached XP level 1. HP: 13/13 MP: 6/6
   196 | D:1      | Reached XP level 2. HP: 17/19 MP: 5/7
   204 | D:1      | Learned a level 2 spell: Poisonous Vapours
   347 | D:1      | Found a faded altar of an unknown god.
   659 | D:1      | Reached XP level 3. HP: 22/25 MP: 1/9
   666 | D:1      | Learned a level 3 spell: Mephitic Cloud
   682 | D:1      | Reached skill level 5 in Spellcasting
  1420 | D:2      | Reached skill level 1 in Invocations
  1676 | D:2      | Reached skill level 1 in Fighting
  1676 | D:2      | Reached skill level 1 in Short Blades
  1676 | D:2      | Reached skill level 1 in Long Blades
  1676 | D:2      | Reached skill level 1 in Axes
  1676 | D:2      | Reached skill level 1 in Maces & Flails
  1676 | D:2      | Reached skill level 1 in Polearms
  1676 | D:2      | Reached skill level 1 in Staves
  1676 | D:2      | Reached skill level 1 in Slings
  1676 | D:2      | Reached skill level 1 in Bows
  1676 | D:2      | Reached skill level 1 in Crossbows
  1676 | D:2      | Reached skill level 1 in Throwing
  1676 | D:2      | Reached skill level 1 in Armour
  1676 | D:2      | Reached skill level 1 in Shields
  1676 | D:2      | Reached skill level 1 in Unarmed Combat
  1676 | D:2      | Reached skill level 1 in Conjurations
  1676 | D:2      | Reached skill level 1 in Hexes
  1676 | D:2      | Reached skill level 1 in Summonings
  1676 | D:2      | Reached skill level 1 in Necromancy
  1676 | D:2      | Reached skill level 1 in Translocations
  1676 | D:2      | Reached skill level 1 in Fire Magic
  1676 | D:2      | Reached skill level 1 in Ice Magic
  1676 | D:2      | Reached skill level 1 in Air Magic
  1676 | D:2      | Reached skill level 1 in Earth Magic
  1676 | D:2      | Reached skill level 1 in Evocations
  1676 | D:2      | Reached XP level 4. HP: 5/32 MP: 11/11
  2581 | D:3      | Noticed a scorpion
  2586 | D:3      | Killed a scorpion
  2587 | D:3      | Reached XP level 5. HP: 32/37 MP: 6/12
  3380 | D:3      | Reached XP level 6. HP: 37/44 MP: 1/13
  3598 | D:3      | Reached skill level 5 in Dodging
  3995 | D:3      | Reached XP level 7. HP: 50/50 MP: 6/15
  4232 | D:3      | HP: 1/50 [orc (3)]
  4235 | D:3      | Slain by an orc

Illustrated notes

Levels and vault maps discovered:
D:1:      dpeg_arrival_rooms_a, layout_loops_ring, basic_ecumenical_altar,
          minmay_close_crescents
D:2:      layout_basic
D:3:      lemuel_castle_with_subvaults [lemuel_castle_interior_carwin_2],
          layout_basic

Skill      XL: |  1  2  3  4  5  6 |
---------------+-------------------+-----
Transmutations | 2 |  2.8
Spellcasting   | 5 |  5.5
Invocations    | 1 2 |  2.5
Fighting       | 1 2 |  2.3
Short Blades   | 1 2 |  2.3
Long Blades    | 1 2 |  2.3
Axes           | 1 2 |  2.3
Maces & Flails | 1 2 |  2.3
Polearms       | 1 2 |  2.3
Staves         | 1 2 |  2.3
Slings         | 1 2 |  2.3
Bows           | 1 2 |  2.3
Crossbows      | 1 2 |  2.3
Throwing       | 1 2 |  2.3
Armour         | 1 2 |  2.3
Shields        | 1 2 |  2.3
Unarmed Combat | 1 2 |  2.3
Conjurations   | 1 |  1.8
Hexes          | 1 |  1.8
Summonings     | 1 |  1.8
Necromancy     | 1 |  1.8
Translocations | 1 |  1.8
Fire Magic     | 1 |  1.8
Ice Magic      | 1 |  1.8
Air Magic      | 1 |  1.8
Earth Magic    | 1 |  1.8
Evocations     | 1 2 |  2.3
Dodging        | 5 |  5.1
Stealth        | |  4.8
Poison Magic   | |  5.8

Action                   |  1- 3 |  4- 6 |  7- 9 || total
-------------------------+-------+-------+-------++-------
Melee: Short sword       |    38 |    27 |       ||    65
       Bite              |     3 |     2 |       ||     5
 Cast: Sting             |    39 |    50 |    14 ||   103
       Poisonous Vapours |    14 |    31 |     5 ||    50
       Mephitic Cloud    |       |     2 |     1 ||     3
 Stab: Sleeping          |     1 |     1 |       ||     2
Armor: Robe              |     6 |     8 |       ||    14
Dodge: Dodged            |    37 |    31 |     4 ||    72
